 Dungeon Crawl Stone Soup version 0.17.0-24-gcfadda4 (webtiles) character file.

44 ololoev the Gusty (level 3, 0/28 HPs)
             Began as a Tengu Air Elementalist on Nov 16, 2015.
             Succumbed to an adder's poison
             ... on level 2 of the Dungeon.
             The game lasted 00:03:55 (1103 turns).

ololoev the Gusty (Tengu Air Elementalist)          Turns: 1103, Time: 00:03:55

Health: 0/28       AC: 21    Str:  8    XL:     3   Next: 62%
Magic:  1/8        EV:  2    Int: 16    God:
Gold:   50         SH:  0    Dex: 19    Spells: 2 memorised, 4 levels left

rFire  . . .     SeeInvis .     c - bread ration
rCold  . . .     Clarity  .     (armour currently unavailable)
rNeg   + + +     SustAt   .     (no shield)
rPois  +         Gourm    .     (helmet currently unavailable)
rElec  .         Spirit   .     (cloak currently unavailable)
rCorr  .         Warding  .     (gloves currently unavailable)
rMut   .         NoTele   +     (boots unavailable)
MR     .....                    (no amulet)
Stlth  ++++......               (no ring)
                                (no ring)

@: agile, lethally poisoned (0 -> -4), tree-form, very slightly contaminated,
hasted, repel missiles, very quick, not resistant to hostile enchantments,
stealthy
A: (beak), (talons 0)
a: no special abilities


Innate Abilities, Weirdness & Mutations

((You have a beak for a mouth.))
((You have claws for feet.))

Inventory:

Hand Weapons
 f - a +1 dagger of speed
Armour
 a - a +0 robe (melded)
Jewellery
 d - an uncursed ring of positive energy {unknown}
Scrolls
 g - 2 scrolls of identify {unknown}
 h - 4 scrolls of remove curse {unknown}
 k - a scroll of recharging {unknown}
Books
 b - a book of Air

   Spells                             Type                      Level
   a - Shock                          Conjuration/Air              1
   b - Swiftness                      Charms/Air                   2
   c - Repel Missiles                 Charms/Air                   2
   d - Static Discharge               Conjuration/Air              3
   e - Lightning Bolt                 Conjuration/Air              5
Comestibles
 c - a bread ration (in branch)
 l - a beef jerky


   Skills:
 - Level 2.1 Dodging
 - Level 2.0 Stealth
 + Level 2.6 Spellcasting
 * Level 3.1 Conjurations
 + Level 4.5 Air Magic


You had 4 spell levels left.
You knew the following spells:

 Your Spells              Type           Power        Failure   Level  Hunger
a - Shock                 Conj/Air       ##..         6%          1    #......
b - Repel Missiles        Chrm/Air       #.....       14%         2    ##.....


You were on level 2 of the Dungeon.
You were not hungry.
You were a tree.
You visited 1 branch of the dungeon, and saw 2 of its levels.

You collected 50 gold pieces.

#### # ...# ###########...
...# ########...[.......#
...######.......♣####<....##
.<........######## #.....#
.).######## #.....#
......... #......# ...######
#........ ...# ......###
...# #.S...# ...# #.....#
####

Notes
Turn   | Place    | Note
--------------------------------------------------------------
     0 | D:1      | ololoev the Tengu Air Elementalist began the quest for the Orb.
     0 | D:1      | Reached XP level 1. HP: 10/10 MP: 4/4
   254 | D:1      | Reached XP level 2. HP: 15/15 MP: 3/6
   961 | D:1      | Reached XP level 3. HP: 19/19 MP: 2/7
   968 | D:1      | Learned a level 2 spell: Repel Missiles
  1100 | D:2      | HP: 1/28 [poisoned by an adder]
  1103 | D:2      | Succumbed to an adder's poison

Dungeon Overview and Level Annotations

Branches:
Dungeon (2/15)

Altars:


Message History

The zap misses the adder.
The zap hits the adder.
You kill the adder!
You feel sick. The adder bites you. The adder bites you.
Unknown command.
Drink which item? (? for menu, Esc to quit)
It was a potion of haste.
You feel yourself speed up. The adder closely misses you.
You are very lightly contaminated with residual magic.
Drink which item? (? for menu, Esc to quit)
It was a potion of agility.
You feel agile all of a sudden.
You feel sick. The adder completely misses you.
Drink which item? (? for menu, Esc to quit)
It was a potion of lignification.
You turn into a tree.
Your +0 robe melds into your body.
Your roots penetrate the ground.
The adder bites you but does no damage.
Casting: Shock
Confirm with . or Enter, or press ? or * to list all spells.
Aiming: Shock
Press: ? - help, Shift-Dir - straight line The zap hits the adder.
You kill the adder!
Your Conjurations skill increases to level 3!
You feel sick.
Eat which item? (? for menu, Esc to quit)
Okay, then.
You aren't carrying any potions.
Unknown command.
You feel sick.
Wield which item (- for none, * to show all)? (? for menu, Esc to quit)
You don't have any such object.
Wield which item (- for none, * to show all)? (? for menu, Esc to quit)
You don't have any such object.
Wield which item (- for none, * to show all)? (? for menu, Esc to quit)
c - a bread ration (in branch)
You feel sick.
You swing at nothing.
You swing at nothing.
You swing at nothing.
You die...

There were no monsters in sight!

Vanquished Creatures
  2 adders (D:2)
  A giant gecko (D:1)
  2 bats (D:1)
  2 hobgoblins (D:1)
  4 jackals (D:1)
  3 kobolds (D:1)
  A giant cockroach (D:1)
  7 goblins
  A rat (D:1)
23 creatures vanquished.

Action                   || total
-------------------------++-------
Melee: Spear             ||     8
 Cast: Shock             ||    46
       Repel Missiles    ||     1
  Use: Potion            ||     3
 Stab: Sleeping          ||     2
  Eat: Chunk             ||     1

Vault maps used:
D:1:      dpeg_arrival_round_a, minivault_11
